 Dungeon Crawl Stone Soup version 0.28-a0-1112-g5c4f51b (webtiles) character file.

Game seed: 3699912113633657969

5516 HDogLeCool the Carver (level 10, -3/88 HPs)
             Began as a Red Draconian Fighter on Dec 10, 2021.
             Was a Priest of Makhleb.
             Succumbed to a hornet's poison
             ... on level 10 of the Dungeon.
             The game lasted 00:20:27 (11768 turns).

HDogLeCool the Carver (Red Draconian Fighter)      Turns: 11768, Time: 00:20:27

Health: -3/88      AC: 13    Str: 21    XL:     10   Next: 43%
Magic:  10/10      EV: 14    Int: 11    God:    Makhleb [***...]
Gold:   579        SH:  4    Dex: 10    Spells: 9/9 levels left

rFire   + . .      SeeInvis .   a - +1 long sword
rCold   . . .      Faith    .   b - +0 buckler
rNeg    + . .      Spirit   .   (armour unavailable)
rPois   .          Reflect  .   (helmet restricted)
rElec   .          Harm     .   p - +0 cloak
rCorr   .          Rampage  .   g - +0 pair of gloves
Will    .....                   (no boots)
Stlth   ++........              (no amulet)
HPRegen 0.24/turn               h - +4 ring of protection
MPRegen 0.12/turn               k - ring of positive energy

@: lethally poisoned (-3 -> -33), short of breath, slowed, very slow
A: breathe fire, AC +7, unfitting armour, fire resistance 1, cold-blooded
a: Breathe Fire, Renounce Religion, Minor Destruction, Lesser Servant of Makhleb


You were on level 10 of the Dungeon.
You worshipped Makhleb.
Makhleb was most pleased with you.
You visited 2 branches of the dungeon, and saw 11 of its levels.

You collected 579 gold pieces.

Inventory:

Hand Weapons
 a - a +1 long sword (weapon)
Missiles
 c - 24 poisoned darts
 m - 224 stones (quivered)
Armour
 b - a +0 buckler (worn)
 g - a +0 pair of gloves (worn)
 p - a +0 cloak (worn)
Jewellery
 h - a +4 ring of protection (left hand)
 k - a ring of positive energy (right hand)
 l - a ring of protection from fire
 w - a ring of resist corrosion
Wands
 s - a wand of flame (27)
 x - a wand of polymorph (9)
Scrolls
 e - a scroll of summoning
 r - 3 scrolls of identify
 t - a scroll of magic mapping
 y - a scroll of blinking {unknown}
 A - a scroll of teleportation
Potions
 d - a potion of ambrosia {unknown}
 f - a potion of lignification
 i - 2 potions of resistance
 j - 5 potions of curing
 n - a potion of brilliance
 o - 3 potions of flight
 u - 2 potions of mutation {unknown}
 z - a potion of magic {unknown}


   Skills:
 + Level 7.7 Fighting
 * Level 12.1 Long Blades
 + Level 6.8 Dodging
 - Level 2.3 Stealth
 - Level 4.0 Shields


You had 9 spell levels left.
You didn't know any spells.
Your spell library contained the following spells:

 Spells                   Type           Power      Damage    Failure   Level
 Slow                     Hex            0%         N/A       34%         1
 Passwall                 Tmut/Erth      0%         N/A       47%         2
 Confusing Touch          Hex            0%         N/A       71%         3
 Gell's Gravitas          Tloc           0%         N/A       71%         3
 Lesser Beckoning         Tloc           0%         N/A       71%         3
 Swiftness                Air            0%         N/A       71%         3
 Teleport Other           Tloc           0%         N/A       71%         3
 Leda's Liquefaction      Hex/Erth       0%         N/A       98%         4
 Lee's Rapid Deconstruct  Erth           0%         3d5*      100%        5
 Yara's Violent Unravell  Hex/Tmut       0%         3d3       100%        5
 Statue Form              Tmut/Erth      0%         N/A       100%        6


Dungeon Overview and Level Annotations

Branches:
Dungeon (10/15)            Temple (1/1) D:4
   Lair: D:8-11         Orc: D:9-12

Altars:
Ashenzari
Cheibriados
Dithmenos
Elyvilon
Fedhas
Gozag
Hepliaklqana
Kikubaaqudgha
Makhleb
Nemelex Xobeh
Okawaru
Qazlal
Ru
Sif Muna
Trog
Uskayaw
Vehumet
Wu Jian
Xom
Yredelemnul
Zin
The Shining One
Beogh

Shops:
D:5 *   D:6 *(   D:7 *

Annotations:
D:9 3 runed translucent doors, SkeletorExplains's ghost, novice DsFi


Innate Abilities, Weirdness & Mutations

You can breathe blasts of fire.
Your fiery red scales are hard. (AC +7)
You cannot fit into any form of body armour.
Your flesh is heat resistant. (rF+)
You are cold-blooded and may be slowed by cold attacks.


Message History

The ynoxinul hits you.
* * * LOW HITPOINT WARNING * * *
The hornet stings you but does no damage.
The ufetubus closely misses you. x2
You feel better.
The ufetubus hits you but does no damage. x2
The ufetubus closely misses you. You block the ufetubus's attack.
The hornet stings you.
* * * LOW HITPOINT WARNING * * *
You are poisoned.
You suddenly lose the ability to move!
The ufetubus hits you but does no damage. x2
The ynoxinul hits you.
* * * LOW HITPOINT WARNING * * *
The ufetubus hits you but does no damage. x4
The hornet stings you but does no damage.
The ufetubus hits you.
* * * LOW HITPOINT WARNING * * *
The ufetubus hits you.
* * * LOW HITPOINT WARNING * * *
The ynoxinul hits you but does no damage.
The ufetubus completely misses you. The ufetubus barely misses you.
You feel very sick.
The ufetubus hits you but does no damage. x2
The hornet stings you.
* * * LOW HITPOINT WARNING * * *
You are lethally poisoned!
You shrug off the repeated paralysis!
The ufetubus hits you but does no damage. x5
The ufetubus barely misses you. The hornet stings you!
* * * LOW HITPOINT WARNING * * *
You are more poisoned.
You feel as though you will be slow longer.
The ynoxinul hits you but does no damage.
You can move again.
As you read the scroll of fear, it crumbles to dust.
You assume a fearsome visage.
The ynoxinul easily resists.
The ufetubus looks frightened!
The hornet resists with some effort.
The ufetubus looks frightened! x4
You die...

#.......###'####..........# #.
#.......#......#..........# #.
#.......#......#..........# #.
#.......#......#..........######.
#.......#......######............
#...<...#..........○#............
#.......#.######5...###...#######
#.......#. #3y....#...'......
#.......#. #@55...##..#......
#.......# #55.....#..#......
#.......# #.......#..#......
#.......# #.......#..#......
#.......# ...######..#...... ...#
...#...... ...# ##.#.[.... ....#
#######


You could see a hornet, a ynoxinul (summoned) and 5 ufetubi.

Vanquished Creatures
  Grinder (D:6)
  A hornet (D:8)
  11 yaks (D:9)
  2 steam dragons (D:8)
  An acid dragon (D:8)
  4 water moccasins
  An ice beast (D:7)
  2 sky beasts
  2 ogres
  3 centaurs
  A phantom (D:5)
  2 kobold brigands (D:9)
  Blork the orc (D:5)
  3 bullfrogs
  2 gnoll sergeants
  2 wyvern zombies
  A scorpion (D:7)
  A water moccasin skeleton (D:4)
  12 wights
  3 howler monkeys
  A centaur zombie (D:9)
  2 hounds
  A centaur skeleton (D:7)
  An orc priest (D:6)
  A bullfrog skeleton (D:6)
  An iguana (D:6)
  4 orc wizards
  A killer bee zombie (D:8)
  A hound skeleton (D:4)
  5 adders
  13 gnolls
  A white imp (D:5)
  An ufetubus (D:5)
  An adder skeleton (D:4)
  A worm (D:2)
  35 orcs
  4 bats
  4 endoplasms
  A giant cockroach (D:2)
  9 goblins
  6 hobgoblins
  6 jackals
  3 ball pythons
  6 frilled lizards
  11 kobolds
  4 rats
180 creatures vanquished.

Vanquished Creatures (others)
  A wight (D:8)
  2 plants
3 creatures vanquished.

Grand Total: 183 creatures vanquished

Notes
Turn   | Place    | Note
-------+----------+-------------------------------------------
     0 | D:1      | HDogLeCool the Draconian Fighter began the quest for the
                  | Orb.
     0 | D:1      | Reached XP level 1. HP: 19/19 MP: 1/1
   222 | D:1      | Reached XP level 2. HP: 18/26 MP: 2/2
  1254 | D:2      | Reached XP level 3. HP: 33/33 MP: 3/3
  1793 | D:2      | Reached skill level 3 in Long Blades
  2110 | D:3      | Noticed a water moccasin
  2125 | D:3      | Killed a water moccasin
  2126 | D:3      | Reached skill level 4 in Long Blades
  2126 | D:3      | Reached XP level 4. HP: 14/40 MP: 4/4
  2126 | D:3      | Reached XP level 5. HP: 16/46 MP: 5/5
  3091 | D:4      | Found a staircase to the Ecumenical Temple.
  3230 | D:4      | Noticed an ogre
  3385 | D:4      | Reached skill level 1 in Stealth
  3385 | D:4      | Reached XP level 6. HP: 51/52 MP: 6/6
  3441 | D:4      | Reached skill level 5 in Long Blades
  3869 | Temple   | Entered the Ecumenical Temple
  4280 | Temple   | Became a worshipper of Makhleb the Destroyer
  4341 | D:5      | Entered Level 5 of the Dungeon
  4634 | D:5      | Found Risu's General Store.
  4646 | D:5      | Reached skill level 6 in Long Blades
  4646 | D:5      | Your scales start taking on a fiery red colour.
  4646 | D:5      | Reached XP level 7. HP: 35/59 MP: 7/7
  4646 | D:5      | Gained mutation: Your flesh is heat resistant. (rF+) [Red
                  | Draconian growth]
  4940 | D:5      | Noticed Blork the orc
  4947 | D:5      | Killed Blork the orc
  5315 | D:6      | Found Siatoq's Antique Weapon Shop.
  5323 | D:6      | Reached skill level 7 in Long Blades
  5360 | D:6      | Noticed Grinder
  5567 | D:6      | Found Agev's Fire Supplies.
  5701 | D:6      | Killed Grinder
  5702 | D:6      | Reached XP level 8. HP: 67/67 MP: 8/8
  5758 | D:6      | Reached skill level 8 in Long Blades
  6238 | D:6      | Found a runed translucent door.
  6298 | D:6      | Reached * piety under Makhleb
  6369 | D:6      | Reached skill level 9 in Long Blades
  6375 | D:6      | Reached skill level 5 in Fighting
  7033 | D:7      | Reached XP level 9. HP: 69/74 MP: 9/9
  7214 | D:7      | Reached ** piety under Makhleb
  7320 | D:7      | Reached skill level 10 in Long Blades
  7320 | D:7      | Reached skill level 5 in Dodging
  7321 | D:7      | Found Xoptiepycw's Assorted Antiques.
  7727 | D:8      | Found a hazy altar of Hepliaklqana.
  7727 | D:8      | Found a hide-covered altar of Uskayaw.
  9214 | D:8      | Reached skill level 11 in Long Blades
 10112 | D:9      | Found a runed translucent gate.
 10112 | D:9      | Found a runed translucent gate.
 10112 | D:9      | Found a runed translucent gate.
 10113 | D:9      | Noticed SkeletorExplains's ghost (novice DsFi)
 10115 | D:9      | Noticed a spectral centaur warrior
 10200 | D:9      | Reached XP level 10. HP: 70/84 MP: 10/10
 11126 | D:9      | Reached skill level 12 in Long Blades
 11136 | D:9      | Reached *** piety under Makhleb
 11496 | D:10     | Entered Level 10 of the Dungeon
 11752 | D:10     | Paralysed by a hornet for 2 turns
 11766 | D:10     | Paralysed by a hornet for 2 turns
 11768 | D:10     | Succumbed to a hornet's poison

Illustrated notes

Levels and vault maps discovered:
D:1:      heliophobic_arrival_ceremonial_halls, layout_loops_ring,
          patterned_corridor
D:2:      layout_basic
D:3:      layout_basic
D:4:      layout_rooms, temple_pool_b
D:5:      layout_basic, serial_shops, kennysheep_mini_moat,
          lemuel_another_geyser, uniq_blork_the_orc
D:6:      layout_basic, nicolae_shop_fire_sale [nicolae_sub_dead_trees],
          nicolae_stop_n_shop_1, lightli_church_of_beogh, uniq_grinder
D:7:      layout_loops_ring, serial_shops, nicolae_shop_overgrown_old_shop
D:8:      layout_layer_cave, gammafunk_temple_overflow_statue
D:9:      layout_grid_maze, gammafunk_ghost_necromancy, serial_bayou_crossing
D:10:     layout_irregular_city, serial_shops, nicolae_shop_behind_doors,
          grunt_decor_clamped, hangedman_ranch, uniq_harold
Temple:   mainiacjoe_temple_big_plus

Skill      XL: |  1  2  3  4  5  6  7  8  9 10 |
---------------+-------------------------------+-----
Long Blades    | 4 6 7 9 11 12 | 12.1
Dodging        | 3 4 6 |  6.8
Shields        | 4 |  4.0
Stealth        | 1 2 |  2.3
Fighting       | 4 5 6 7 |  7.7

Action                   |  1- 3 |  4- 6 |  7- 9 | 10-12 || total
-------------------------+-------+-------+-------+-------++-------
Melee: Long sword        |   122 |   123 |   444 |   103 ||   792
       Tailslap          |    12 |    17 |    50 |    20 ||    99
Invok: Minor Destruction |       |       |       |     4 ||     4
       Lesser Servant of |       |       |       |     1 ||     1
 Abil: Breathe Fire      |       |       |    16 |     6 ||    22
  Use: Potion            |     1 |       |     2 |     4 ||     7
       Scroll            |       |     6 |     8 |     1 ||    15
 Stab: Sleeping          |     1 |       |     1 |       ||     2
Armor: Skin              |    44 |    47 |   198 |    64 ||   353
Dodge: Dodged            |    78 |    63 |   280 |    83 ||   504
Block: Buckler           |    30 |    14 |    90 |    22 ||   156

Table legend: (Time is in decaauts)
 A = Elapsed time spent in this place.
 B = Non-inter-level travel time spent in this place.
 C = Inter-level travel time spent in this place.
 D = Time resting spent in this place.
 E = Time spent auto-exploring this place.
 F = Levels seen in this place.
 G = Mean time per level.
                   A        B        C        D        E       F      G
               +--------+--------+--------+--------+--------+-----+--------+
         Total |  11817 |  11167 |    650 |   2526 |   6883 |  11 | 1074.3 |
       Dungeon |  11376 |  10798 |    578 |   2526 |   6520 |  10 | 1137.6 |
        Temple |    441 |    369 |     72 |      0 |    363 |   1 |  441.0 |
               +--------+--------+--------+--------+--------+-----+--------+

Top non-repeatable levels by time:
     D:9: 1983 daAuts
     D:8: 1693 daAuts
     D:6: 1281 daAuts
     D:1: 1253 daAuts
     D:7: 1190 daAuts
     D:3: 1036 daAuts
     D:5: 994 daAuts
     D:4: 896 daAuts
     D:2: 774 daAuts
  Temple: 441 daAuts
    D:10: 273 daAuts
